 Dungeon Crawl Stone Soup version 0.23.2-1-ga50397a6bc (webtiles) character file.

Game seed: 3259092955979011195

2395 Mitsuki the Destroyer (level 9, 0/66 (67) HPs)
             Began as a Deep Elf Conjurer on Apr 14, 2019.
             Was a Follower of Vehumet.
             Slain by a meliai zombie (3 damage)
             ... on level 7 of the Dungeon.
             The game lasted 00:55:40 (8908 turns).

Mitsuki the Destroyer (Deep Elf Conjurer)           Turns: 8908, Time: 00:55:41

HP:   0/66 (67)     AC: 24    Str:  5    XL:     9   Next: 22%
MP:   13/21         EV:  2    Int: 27    God:    Vehumet [*.....]
Gold: 437           SH:  0    Dex: 15    Spells: 14/22 levels left

rFire    + + .     SeeInvis .   z - +7 falchion of Souceibb {speed, *Contam rF+ MR+ Int+3}
rCold    x . .     Gourm    +   (no shield)
rNeg     + + +     Faith    .   (armour currently unavailable)
rPois    +         Spirit   .   (helmet currently unavailable)
rElec    .         Reflect  .   (cloak currently unavailable)
rCorr    .         Harm     .   (gloves currently unavailable)
MR       +....     NoTele   +   (boots currently unavailable)
Stlth    ++........             K - amulet of the gourmand
HPRegen  0.21/turn              m - ring of wizardry
MPRegen  0.17/turn              B - ring of fire

@: tree-form
A: no striking features
a: Renounce Religion


You were on level 7 of the Dungeon.
You worshipped Vehumet.
Vehumet was aware of your devotion.
You were not hungry.
You were a tree.
You visited 2 branches of the dungeon, and saw 8 of its levels.
You also visited: Ossuary.

You collected 437 gold pieces.

Inventory:

Hand Weapons
 d - a +1 dagger of venom
 x - a +3 whip of freezing
 z - the +7 falchion of Souceibb (weapon) {speed, *Contam rF+ MR+ Int+3}
   (You found it on level 5 of the Dungeon)

   Attacks with this weapon are significantly faster.
   It affects your intelligence (+3).
   It protects you from fire.
   It affects your resistance to hostile enchantments.
   It causes magical contamination when unequipped.
Missiles
 k - 8 curare-tipped needles
Armour
 a - a +0 robe (melded)
 e - a +0 pair of gloves (melded)
 l - a +0 cloak (melded)
 H - a +3 leather armour of fire resistance
Jewellery
 m - a ring of wizardry (left branch)
 B - a ring of fire (right branch)
 K - an amulet of the gourmand (around neck)
Wands
 w - a wand of enslavement (7)
 G - a wand of random effects (22)
Scrolls
 b - 4 scrolls of identify {unknown}
 g - 5 scrolls of remove curse
 h - 2 scrolls of enchant armour {unknown}
 q - 4 scrolls of enchant weapon
 s - 3 scrolls of teleportation {unknown}
 u - 2 scrolls of fear {unknown}
 v - 4 scrolls of amnesia {unknown}
 y - 2 scrolls of blinking {unknown}
 I - a scroll of fog {unknown}
 J - a scroll of immolation {unknown}
 L - a scroll of random uselessness {unknown}
Potions
 f - 3 potions of flight
 i - 3 potions of brilliance {unknown}
 j - a potion of ambrosia {unknown}
 n - a potion of cancellation {unknown}
 o - a potion of haste {unknown}
 p - 3 potions of might {unknown}
 r - 4 potions of lignification
 t - a potion of resistance {unknown}
 A - 3 potions of heal wounds {unknown}
 C - 2 potions of berserk rage {unknown}
 D - a potion of degeneration {unknown}
 E - 2 potions of curing {unknown}
 F - 2 potions of mutation {unknown}
Comestibles
 c - 10 rations


   Skills:
 - Level 2.5 Dodging
 - Level 2.4 Stealth
 - Level 7.0 Spellcasting
 - Level 10.7 Conjurations
 * Level 7.5 Fire Magic


You had 14 spell levels left.
You knew the following spells:

 Your Spells              Type           Power        Failure   Level  Hunger
a - Magic Dart            Conj           ####         1%          1    None
b - Searing Ray           Conj           ######       1%          2    None
c - Iskenderun's Mystic   Conj           ######..     1%          4    ###....
d - Flame Tongue          Conj/Fire      #####        1%          1    None

Your spell library contained the following spells:

 Spells                   Type           Power        Failure   Level  Hunger
 Freeze                   Ice            #...         2%          1    None
 Dazzling Spray           Conj/Hex       #####.       1%          3    None
 Force Lance              Conj/Tloc      #####...     2%          4    ###....
 Fulminant Prism          Conj/Hex       #####.....   2%          4    ###....


Dungeon Overview and Level Annotations

Branches:
Dungeon (7/15)             Temple (1/1) D:5

Altars:
Cheibriados
Elyvilon
Gozag
Hepliaklqana
Makhleb
Nemelex Xobeh
Okawaru
Ru
Sif Muna
Trog
Uskayaw
Vehumet
Wu Jian
Xom
Yredelemnul
The Shining One

Annotations:
D:6 Dowan


Message History

Press: ? - help, Shift-Dir - straight line, f/p - meliai zombie
Aim: a meliai zombie (heavily damaged)
You feel a surge of power!
The flame tongue hits the meliai zombie!
The meliai zombie is severely damaged.
The meliai zombie hits you.
* * * LOW HITPOINT WARNING * * *
The meliai zombie hits you!
* * * LOW HITPOINT WARNING * * *
You take 13 damage, and have 2/44 hp.
MASSIVE DAMAGE!!
It was a potion of lignification.
You turn into a tree.
Your +0 cloak melds into your body.
Your +0 pair of gloves melds into your body.
Your +0 robe melds into your body.
Your roots penetrate the ground.
The meliai zombie hits you but does no damage. x4
You now have 3/66 hp.
Okay, then.
It was a potion of flight.
Your roots keep you in place.
The meliai zombie hits you.
You die...

.....# #.#
..P.# #..
...8# #.# P..
#.# ... #..
#.####5# ###
#......# ###
#Z#
##########>###
#♣#
#...........##
#.#
#.########.###
#.# #.# #.# #
#.# #.# #.###
#.###.# #....
#.....# #####
#######


You could see a shadow imp and a meliai zombie.

Vanquished Creatures
  Pikel (D:4)
  Eustachio (D:6)
  A hungry ghost (D:6)
  A slave (D:5)
  An ice beast (D:6)
  An orc warrior (D:5)
  2 phantoms (D:4)
  A necrophage (D:6)
  3 bullfrogs
  4 water moccasin zombies (Ossuary)
  A scorpion (D:4)
  2 howler monkeys
  2 jellies (D:6)
  2 bullfrog skeletons
  A bullfrog zombie (D:5)
  An orc priest (D:5)
  Crazy Yiuf (D:5)
  4 orc wizards
  3 worker ants
  2 big kobold zombies (Ossuary)
  2 mummies (Ossuary)
  3 gnolls
  4 adders (D:2)
  A shadow imp (D:7)
  2 oozes (D:2)
  An adder skeleton (D:5)
  4 adder zombies (Ossuary)
  4 worms
  3 dart slugs
  9 leopard geckos
  20 orcs
  6 bats
  3 giant cockroaches
  7 goblins
  7 hobgoblins
  2 jackals (D:1)
  4 ball pythons
  3 frilled lizards
  A giant cockroach zombie (D:6)
  3 gnoll zombies (Ossuary)
  6 hobgoblin zombies (Ossuary)
  8 kobolds
  5 kobold zombies (Ossuary)
  A leopard gecko skeleton (D:6)
  6 orc zombies (Ossuary)
  7 rats
157 creatures vanquished.

Vanquished Creatures (others)
  A sky beast (D:5)
  2 slaves (D:5)
  2 worker ants (D:5)
5 creatures vanquished.

Grand Total: 162 creatures vanquished

Notes
Turn   | Place    | Note
-------+----------+-------------------------------------------
     0 | D:1      | Mitsuki the Deep Elf Conjurer began the quest for the Orb.
     0 | D:1      | Reached XP level 1. HP: 10/10 MP: 6/6
   239 | D:1      | Reached XP level 2. HP: 15/15 MP: 6/8
   243 | D:1      | Learned a level 2 spell: Searing Ray
   548 | D:1      | Reached skill level 5 in Conjurations
   908 | D:1      | Reached XP level 3. HP: 19/19 MP: 6/10
  1229 | D:2      | Found a faded altar of an unknown god.
  1429 | D:2      | Reached XP level 4. HP: 20/24 MP: 7/12
  2347 | D:3      | Reached skill level 5 in Spellcasting
  2347 | D:3      | Reached skill level 6 in Conjurations
  2347 | D:3      | Reached XP level 5. HP: 28/28 MP: 3/14
  2564 | D:3      | Learned a level 4 spell: Iskenderun's Mystic Blast
  3631 | D:4      | Noticed a phantom
  3668 | D:4      | Killed a phantom
  3668 | D:4      | Reached skill level 7 in Conjurations
  3668 | D:4      | Reached XP level 6. HP: 26/32 MP: 1/15
  3897 | D:4      | Found a burning altar of Makhleb.
  4101 | D:4      | Found an ornate altar of the Wu Jian Council.
  4415 | D:4      | Reached skill level 8 in Conjurations
  4519 | D:5      | Entered Level 5 of the Dungeon
  4519 | D:5      | Noticed a slave
  4521 | D:5      | Noticed a slave
  4523 | D:5      | Noticed Pikel
  4524 | D:5      | Noticed a slave
  4529 | D:5      | Killed a slave
  4529 | D:5      | Noticed a slave
  4601 | D:4      | Killed Pikel
  4601 | D:4      | Reached skill level 10 in Conjurations
  4601 | D:4      | Reached XP level 7. HP: 25/36 MP: 13/16
  5135 | D:5      | Found a staircase to the Ecumenical Temple.
  5148 | Temple   | Entered the Ecumenical Temple
  5174 | Temple   | Became a worshipper of Vehumet
  5298 | D:5      | Reached XP level 8. HP: 23/41 MP: 9/18
  5677 | D:5      | Got a pitted falchion
  5678 | D:5      | Identified the +7 falchion of Souceibb {speed, *Contam rF+
                  | MR+ Int+3} (You found it on level 5 of the Dungeon)
  5907 | D:5      | Found a runed translucent door.
  5908 | D:5      | Noticed Crazy Yiuf
  6003 | D:5      | HP: 1/41 [Crazy Yiuf/+4 quarterstaff of chaos (7)]
  6018 | D:5      | Killed Crazy Yiuf
  6470 | D:6      | Found a sand-covered staircase.
  6485 | Ossuary  | Entered an ossuary
  7171 | Ossuary  | Reached * piety under Vehumet
  7171 | Ossuary  | Offered knowledge of Flame Tongue by Vehumet.
  7174 | Ossuary  | Learned a level 1 spell: Flame Tongue
  7280 | Ossuary  | Reached skill level 1 in Fire Magic
  7585 | D:6      | Noticed Eustachio
  7697 | D:5      | Reached skill level 5 in Fire Magic
  7840 | D:6      | Killed Eustachio
  7856 | D:6      | Reached XP level 9. HP: 44/44 MP: 10/21
  8534 | D:6      | Noticed Dowan
  8892 | D:7      | Offered knowledge of Freeze by Vehumet.
  8906 | D:7      | HP: 2/44 [meliai zombie (8)]
  8908 | D:7      | Slain by a meliai zombie

Skill      XL: |  1  2  3  4  5  6  7  8  9 |
---------------+----------------------------+-----
Conjurations   | 5 6 7 10 | 10.7
Spellcasting   | 4 5 7 |  7.0
Fire Magic     | 6 7 |  7.5
Dodging        | |  2.5
Stealth        | |  2.4

Action                   |  1- 3 |  4- 6 |  7- 9 || total
-------------------------+-------+-------+-------++-------
Melee: Dagger            |       |    19 |     1 ||    20
       Falchion          |       |       |    42 ||    42
 Cast: Magic Dart        |    61 |   118 |   154 ||   333
       Searing Ray       |     1 |     2 |     4 ||     7
       Iskenderun's Myst |       |     4 |     7 ||    11
       Flame Tongue      |       |       |    54 ||    54
  Use: Scroll            |       |       |     2 ||     2
       Potion            |       |       |     2 ||     2
  Eat: Chunk             |     1 |     6 |    12 ||    19
       Ration            |       |     1 |     3 ||     4
Armor: Robe              |     1 |     6 |    17 ||    24
       Skin              |       |       |     4 ||     4
Dodge: Dodged            |     2 |    26 |    74 ||   102
       Rpst.: Falchion   |       |       |    21 ||    21
